 Dungeon Crawl Stone Soup version 0.19-a0-958-gd69d43c (webtiles) character file.

375 MrRokkomies the Chiller (level 6, -1/46 HPs)
             Began as an Octopode Ice Elementalist on July 11, 2016.
             Slain by a howler monkey (3 damage)
             ... on level 4 of the Dungeon.
             The game lasted 00:18:31 (4249 turns).

MrRokkomies the Chiller (Octopode Ice Elementalist) Turns: 4249, Time: 00:18:31

Health: -1/46      AC:  1    Str:  4 (7)  XL:     6   Next: 73%
Magic:  4/9        EV: 11    Int: 20 (22) God:
Gold:   193        SH:  0    Dex:  8 (12) Spells: 3 memorised, 1 level left

rFire  . . .     SeeInvis +     a - book of Frost
rCold  . . .     Gourm    .     (no shield)
rNeg   . . .     Faith    .     (helmet restricted)
rPois  .         Spirit   .     (no amulet)
rElec  .         Dismiss  .     r - ring of see invisible
rCorr  .         Reflect  .     (no ring)
SustAt .         Harm     .     (no ring)
MR     .....                    (no ring)
Stlth  ++........               (no ring)
                                (no ring)
                                (no ring)
                                (no ring)

@: lethally poisoned (-1 -> -7), about to teleport, very slightly contaminated,
heavily drained, not resistant to hostile enchantments, unstealthy
A: almost no armour, amphibious, 8 rings, constrict 8, camouflage 1, clever 1,
deterioration 1, robust 1, gelatinous body 1
a: no special abilities


You were on level 4 of the Dungeon.
You were hungry.

You visited 1 branch of the dungeon, and saw 4 of its levels.

You collected 193 gold pieces.

Inventory:

Hand Weapons
 k - a +1 long sword
 o - a +0 blowgun
Missiles
 d - 81 stones
 e - 23 javelins (quivered)
 j - a throwing net
 p - a poisoned needle
Jewellery
 i - an uncursed amulet of harm
 r - a ring of see invisible (left tentacle)
Wands
 n - a wand of hasting (3/9)
Scrolls
 c - a scroll of amnesia
 l - 2 scrolls of remove curse
 m - a scroll of teleportation
Potions
 h - 3 potions of mutation
Books
 a - a book of Frost (in tentacle)

   Spells                             Type                      Level
   a - Freeze                         Ice                          1
   b - Throw Frost                    Conjuration/Ice              2
   c - Ozocubu's Armour               Charms/Ice                   3
   d - Throw Icicle                   Conjuration/Ice              4
   e - Summon Ice Beast               Ice/Summoning                4
Comestibles
 b - 3 bread rations
 g - 3 meat rations


   Skills:
 - Level 3.1(1.8) Fighting
 * Level 1.4(0.1) Throwing
 - Level 2.0(0.7) Dodging
 - Level 2.6(1.4) Stealth
 - Level 2.0(0.7) Spellcasting
   Level 1.0(0.0) Conjurations
 * Level 2.9(1.6) Summonings
 - Level 5.3(3.9) Ice Magic


You had one spell level left.
You knew the following spells:

 Your Spells              Type           Power        Failure   Level  Hunger
a - Freeze                Ice            ###.         3%          1    ##.....
b - Ozocubu's Armour      Chrm/Ice       #.......     24%         3    ####...
c - Summon Ice Beast      Ice/Summ       ##......     58%         4    #####..


Dungeon Overview and Level Annotations

Branches:
Dungeon (4/15)
 Temple: D:4-7

Altars:
Ashenzari
Nemelex Xobeh


Innate Abilities, Weirdness & Mutations

You cannot wear most types of armour.
You are amphibious.
You can wear up to eight rings at the same time.
You can use your tentacles to constrict eight enemies at once.
Your skin changes colour to match your surroundings (Stealth+).
Your rubbery body absorbs attacks. (AC +1)
Your mind is acute. (Int +2)
Your body sometimes deteriorates upon taking damage.
You are robust. (+10% HP)


Message History

The scorpion poisons you! The orc barely misses you.
The howler monkey barely misses you.
It was a potion of degeneration.
There was something very wrong with that liquid.
You feel weakened.
You feel dopey.
You feel clumsy.
* * * LOW HITPOINT WARNING * * *
You feel sick. The scorpion misses you. The howler monkey misses you.
The orc misses you.
As you read the scroll of teleportation, it crumbles to dust.
You feel strangely unstable.
* * * LOW HITPOINT WARNING * * *
You feel sick.
You kill the scorpion!
Your base Throwing skill increases to level 1!
The howler monkey barely misses you. The orc hits you but does no damage.
Wield which item (- for none, * to show all)? (? for menu, Esc to quit)
a - a book of Frost (in tentacle)
* * * LOW HITPOINT WARNING * * *
You feel sick. The howler monkey hits you.
You die...

#......##..........
#......##...#.####.
#......#..##.^.##
#....(...##.....##
#........#.......#
#.......##.......##
#.......#......[..#
#......##.†.......#
#......#..@....####
#......#.(ho####
####..##(...#
#..##...##
#..##...# #..#....#
#..#...## #..#...
#..#


You could see a howler monkey and an orc.

Vanquished Creatures
  A scorpion (D:4)
  3 hounds
  An orc priest (D:4)
  A worker ant (D:4)
  Robin (D:2)
  4 adders
  An ooze (D:3)
  5 worms
  3 dart slugs
  2 giant geckos
  6 orcs
  4 giant cockroaches
  15 hobgoblins
  15 jackals
  3 quokkas
  A ball python (D:4)
  6 bats
  3 giant newts
  12 goblins
  5 kobolds
  7 rats
99 creatures vanquished.

Notes
Turn   | Place    | Note
-------+----------+-------------------------------------------
     0 | D:1      | MrRokkomies the Octopode Ice Elementalist began the quest for the Orb.
     0 | D:1      | Reached XP level 1. HP: 11/11 MP: 3/3
   475 | D:1      | Reached skill level 1 in Fighting
   475 | D:1      | Reached XP level 2. HP: 11/18 MP: 5/5
  1023 | D:1      | Reached XP level 3. HP: 23/23 MP: 6/6
  1028 | D:1      | Learned a level 3 spell: Ozocubu's Armour
  1767 | D:2      | Found a sparkling altar of Nemelex Xobeh.
  2005 | D:2      | Noticed Robin
  2011 | D:2      | Gained mutation: Your body sometimes deteriorates upon taking damage. [potion of mutation]
  2011 | D:2      | Gained mutation: You are robust. (+10% HP) [potion of mutation]
  2011 | D:2      | Gained mutation: Your mind is acute. (Int +2) [potion of mutation]
  2011 | D:2      | Reached skill level 4 in Ice Magic
  2011 | D:2      | Reached XP level 4. HP: 20/31 MP: 3/7
  2027 | D:2      | Killed Robin
  2610 | D:3      | Reached XP level 5. HP: 37/39 MP: 8/8
  2659 | D:3      | Learned a level 4 spell: Summon Ice Beast
  2803 | D:3      | Found a shattered altar of Ashenzari.
  3088 | D:3      | Reached skill level 1 in Summonings
  3396 | D:4      | Reached skill level 5 in Ice Magic
  3468 | D:4      | Reached XP level 6. HP: 33/46 MP: 9/9
  4248 | D:4      | Reached skill level 1 in Throwing
  4249 | D:4      | HP: 2/46 [poisoned by a scorpion]
  4249 | D:4      | Slain by a howler monkey

Vault maps used:
D:1:      dpeg_arrival_oval
D:2:      nemelex_xobeh_ov_fountains_minmay, hex_medium, uniq_robin
D:3:      evilmike_ruin_ashenzari, cheibrodos_gnoll_hut
D:4:      kennysheep_spiral_hall, grunt_temple_overflow_open, xom_teletrap_fun,
          first_bread

Skill      XL: |  1  2  3  4  5  6 |
---------------+-------------------+-----
Fighting       | 1 2 3 |  3.1
Ice Magic      | 4 5 |  5.3
Summonings     | 1 2 |  2.9
Throwing       | 1 |  1.4
Dodging        | |  2.0
Stealth        | |  2.6
Spellcasting   | |  2.0
Conjurations   | |  1.0

Action                   |  1- 3 |  4- 6 || total
-------------------------+-------+-------++-------
Melee: Unarmed           |    10 |       ||    10
       Dagger            |     9 |       ||     9
       Constrict         |    23 |    33 ||    56
       Tentacles         |    13 |    15 ||    28
       Spear             |    33 |       ||    33
       Long sword        |    63 |   165 ||   228
 Fire: Blowgun           |       |     5 ||     5
Throw: Javelin           |     3 |     5 ||     8
 Cast: Freeze            |     3 |     6 ||     9
       Ozocubu's Armour  |     3 |     1 ||     4
  Use: Scroll            |     2 |     8 ||    10
       Potion            |     1 |     7 ||     8
 Stab: Sleeping          |    19 |    10 ||    29
       Distracted        |     1 |       ||     1
  Eat: Chunk             |     4 |     8 ||    12
Armor: Skin              |    13 |    91 ||   104
Dodge: Dodged            |    59 |    98 ||   157
